 Dungeon Crawl Stone Soup version 0.31.0-32-g396128a36d (webtiles) character file.

Game seed: 962294473053883576

8015 PaiMei the Merchant of Misery (level 11, -4/87 HPs)
             Began as a Demonspawn Necromancer on Apr 17, 2024.
             Was a Believer of Kikubaaqudgha.
             Slain by a wyvern zombie (8 damage)
             ... on level 9 of the Dungeon.
             The game lasted 00:19:39 (13520 turns).

PaiMei the Merchant of Misery (DsNe)               Turns: 13520, Time: 00:19:39

Health: -4/87      AC:  9    Str:  9    XL:     11   Next: 4%
Magic:  23/23      EV: 15    Int: 24    God:    Kikubaaqudgha [**....]
Gold:   128        SH:  4    Dex: 16    Spells: 13/26 levels left

rFire   . . .        w - +1 whip (flame)
rCold   . . .        s - +0 buckler
rNeg    . . .        q - +2 leather armour {rPois}
rPois   +            B - +0 helmet
rElec   .            E - +0 cloak
rCorr   .            D - +1 pair of gloves {Dex+3}
SInv    .            (no boots)
Will    .....        (no amulet)
Stlth   ++           l - ring of poison resistance
HPRegen 0.34/turn    (no ring)
MPRegen 0.18/turn

%: no passive effects
@: no status effects
A: claws 2, ignite blood 1, powered by pain 2, big brain 2
a: Renounce Religion, Unearth Wretches


You were on level 9 of the Dungeon.
You worshipped Kikubaaqudgha.
Kikubaaqudgha was pleased with you.
You visited 2 branches of the dungeon, and saw 10 of its levels.

You collected 312 gold pieces.
You spent 184 gold pieces at shops.

Inventory:

Hand Weapons
 d - a +1 whip of draining
 w - a +1 whip of flaming (weapon)
 y - a +1 dagger of venom
Missiles
 i - 13 poisoned darts (quivered)
 F - a throwing net
Armour
 q - a +2 leather armour of poison resistance (worn)
 s - a +0 buckler (worn)
 B - a +0 helmet (worn)
 D - a +1 pair of gloves of dexterity (worn)
 E - a +0 cloak (worn)
Jewellery
 l - a ring of poison resistance (left hand)
Wands
 t - a wand of mindburst (31)
 z - a wand of flame (21)
Scrolls
 f - 3 scrolls of immolation
 g - a scroll of noise {unknown}
 h - a scroll of teleportation
 j - 3 scrolls of identify
 p - 2 scrolls of poison {unknown}
 r - a scroll of fog {unknown}
 x - a scroll of blinking
 C - a scroll of acquirement {unknown}
Potions
 a - a potion of degeneration {unknown}
 b - 3 potions of magic
 c - 9 potions of curing
 e - a potion of lignification {unknown}
 k - a potion of attraction {unknown}
 m - a potion of cancellation {unknown}
 n - a potion of mutation {unknown}
 u - a potion of haste {unknown}
 v - 2 potions of invisibility {unknown}
 A - a potion of might {unknown}


   Skills:
 + Level 8.4 Fighting
 + Level 8.1 Dodging
 - Level 2.0 Stealth
 + Level 8.1 Spellcasting
 + Level 10.4 Necromancy


You had 13 spell levels left.
You knew the following spells:

 Your Spells              Type           Power      Damage    Failure   Level
a - Necrotise             Necr           100%       1d9       1%          1
b - Vampiric Draining     Necr           56%        2d10      1%          3
c - Animate Dead          Necr           56%        N/A       1%          4
d - Curse of Agony        Necr           56%        N/A       5%          5

Your spell library contained the following spells:

 Spells                   Type           Power      Damage    Failure   Level
 Sublimation of Blood     Necr           56%        N/A       1%          2
 Cigotuvi's Dreadful Rot  Necr/Alch/Air  52%        N/A       4%          2
 Tukima's Dance           Hex            9%         N/A       38%         3
 Passage of Golubria      Tloc           9%         N/A       80%         4
 Vhi's Electric Charge    Tloc/Air       18%        N/A       80%         4
 Arcjolt                  Conj/Air       4%         1d14      98%         5
 Yara's Violent Unravell  Hex/Alch       4%         3d4       98%         5
 Maxwell's Capacitive Co  Air            4%         ∞         100%        8


Dungeon Overview and Level Annotations

Branches:
Dungeon (9/15)             Temple (1/1) D:4            Lair (0/5) D:9
    Orc: D:9-12

Altars:
Cheibriados
Dithmenos
Fedhas
Gozag
Hepliaklqana
Kikubaaqudgha
Makhleb
Nemelex Xobeh
Okawaru
Ru
Sif Muna
Trog
Uskayaw
Wu Jian
Xom

Shops:
D:4 !   D:6 *

Annotations:
D:4 3 runed translucent doors, yourlocalren's ghost, amateur HuCA
D:6 Jeremiah
D:8 Amaemon


Innate Abilities, Weirdness & Mutations

You have very sharp fingernails.
Your demonic aura sometimes causes spilled blood to erupt in flames.
You sometimes gain power by taking damage.
You have an extremely huge brain. (Int +4)


Message History

The wyvern zombie is moderately damaged.
The wyvern zombie bites you but does no damage. x2
You barely miss the wyvern zombie.
The wyvern zombie is moderately damaged.
The wyvern zombie bites you.
You hit the wyvern zombie. You burn the wyvern zombie.
The wyvern zombie is heavily damaged.
The wyvern zombie closely misses you. The wyvern zombie bites you!
* * * LOW HITPOINT WARNING * * *
You focus on the pain.
You feel your power returning.
You barely miss the wyvern zombie.
The wyvern zombie is heavily damaged.
The wyvern zombie closely misses you.
You hit the wyvern zombie. You burn the wyvern zombie.
The wyvern zombie is severely damaged.
You block the wyvern zombie's attack. The wyvern zombie closely misses you.
You hit the wyvern zombie. You burn the wyvern zombie.
The wyvern zombie is severely damaged.
The wyvern zombie misses you.
You hit the wyvern zombie but do no damage.
The wyvern zombie is severely damaged.
The wyvern zombie misses you. The wyvern zombie bites you!
* * * LOW HITPOINT WARNING * * *
You completely miss the wyvern zombie.
The wyvern zombie is severely damaged.
The wyvern zombie barely misses you.
You hit the wyvern zombie. You burn the wyvern zombie.
The wyvern zombie is severely damaged.
The wyvern zombie misses you. The wyvern zombie bites you.
* * * LOW HITPOINT WARNING * * *
You hit the wyvern zombie but do no damage.
The wyvern zombie is severely damaged.
The wyvern zombie bites you but does no damage.
You hit the wyvern zombie. You burn the wyvern zombie.
The wyvern zombie is severely damaged.
The wyvern zombie bites you!
* * * LOW HITPOINT WARNING * * *
The wyvern zombie bites you!
You die...
Kikubaaqudgha rasps: "You have failed me!
Welcome... death!"

....... ♣#g..g.≈♣.g^
..?.... ♣≈..#.≈.♣.g
...l.:...≈♣≈...≈..♣
.≈≈≈≈≈....≈♣.....≈≈≈
..#.#..♣♣♣♣♣♣♣♣♣♣♣♣♣
♣.....♣ ## ..
♣♣♣♣♣.♣ ...≈♣≈....#
....≈..@.#♣
.≈.....Z≈♣
.......≈♣≈.
........≈..≈.
♣♣.............
§≈≈≈.≈≈.≈≈≈....
♣♣♣♣♣♣♣♣♣♣♣.♣.♣
.≈≈≈. ..


You could see a wyvern zombie.

Vanquished Creatures
  Harold (D:9)
  A two-headed ogre (D:9)
  Pikel (D:5)
  Maurice (D:8)
  A polar bear (D:9)
  Sigmund (D:5)
  Eustachio (D:4)
  A steam dragon (D:8)
  6 yaks (D:9)
  Grum (D:8)
  A swamp worm (D:7)
  3 ice beasts
  2 orc warriors
  2 black bears (D:4)
  2 sky beasts (D:7)
  2 centaurs
  An ogre (D:6)
  6 wolves
  A lemure (D:5)
  A bullfrog (D:9)
  7 scorpions
  A gnoll sergeant (D:9)
  5 killer bees (D:8)
  5 howler monkeys
  2 bombardier beetles
  2 orc priests
  3 hounds
  3 jellies
  A gnoll bouda (D:6)
  A sleepcap (D:6)
  An iguana (D:2)
  9 orc wizards
  A killer bee zombie (D:9)
  10 gnolls
  8 adders
  A shadow imp (D:5)
  A white imp (D:7)
  A dart slug (D:3)
  2 ribbon worms (D:2)
  22 orcs
  11 ball pythons
  10 endoplasms
  2 giant cockroaches
  6 goblins
  6 hobgoblins
  8 jackals
  8 kobolds
  3 quokkas
  14 bats
  A frilled lizard (D:3)
  An orc zombie (D:9)
  5 rats
197 creatures vanquished.

Vanquished Creatures (collateral kills)
  A rime drake (D:9)
  An orc warrior (D:9)
  4 ice beasts (D:9)
  A wolf (D:9)
  A gnoll bouda (D:9)
  4 gnolls (D:9)
  3 orcs (D:9)
  An endoplasm (D:3)
16 creatures vanquished.

Vanquished Creatures (others)
  6 yak zombies (D:9)
  A bullfrog zombie (D:9)
  2 ice beast zombies (D:9)
  3 orc zombies
12 creatures vanquished.

Grand Total: 225 creatures vanquished

Notes
Turn   | Place    | Note
-------+----------+-------------------------------------------
     0 | D:1      | PaiMei the Demonspawn Necromancer began the quest for the
                  | Orb.
     0 | D:1      | Reached XP level 1. HP: 13/13 MP: 3/3
   249 | D:1      | You fall into a shaft and drop 1 floor!
   284 | D:2      | Gained mutation: Your demonic aura sometimes causes spilled
                  | blood to erupt in flames. [demonic ancestry]
   284 | D:2      | Reached XP level 2. HP: 19/19 MP: 0/5
   835 | D:1      | Reached XP level 3. HP: 25/25 MP: 2/6
   980 | D:1      | Reached skill level 1 in Fighting
  1541 | D:2      | Learned a level 3 spell: Vampiric Draining
  1859 | D:2      | Found a faded altar of an unknown god.
  2165 | D:2      | Reached skill level 5 in Necromancy
  2165 | D:2      | Gained mutation: You have sharp fingernails. [demonic
                  | ancestry]
  2165 | D:2      | Reached XP level 4. HP: 3/32 MP: 0/8
  2772 | D:3      | Gained mutation: You have an unusually large brain. (Int
                  | +2) [demonic ancestry]
  2772 | D:3      | Reached XP level 5. HP: 36/38 MP: 2/9
  3478 | D:4      | Noticed a black bear
  3733 | D:4      | Found Xyokijoo's Distillery.
  3744 | D:4      | Gained mutation: You sometimes gain a little power by
                  | taking damage. [demonic ancestry]
  3744 | D:4      | Reached XP level 6. HP: 46/46 MP: 1/11
  3825 | D:4      | Bought a potion of curing for 30 gold pieces
  3825 | D:4      | Bought a potion of heal wounds for 50 gold pieces
  4062 | D:4      | Found a staircase to the Ecumenical Temple.
  4062 | D:4      | Noticed Eustachio
  4378 | D:4      | Reached skill level 6 in Necromancy
  4588 | D:4      | Found a runed translucent gate.
  4588 | D:4      | Noticed yourlocalren's ghost (amateur HuCA)
  4589 | D:4      | Found a runed translucent gate.
  4590 | D:4      | Found a runed translucent gate.
  4592 | D:4      | Identified the +10 short sword "Cesiaw" {speed, Fly Dex+4
                  | SInv Stlth-}
  4592 | D:4      | Identified the +6 scale mail "Kiffaic" {-Tele Str+2 Stlth+}
  4647 | D:4      | Gained mutation: You sometimes gain power by taking damage.
                  | [demonic ancestry]
  4647 | D:4      | Reached XP level 7. HP: 52/52 MP: 8/12
  5167 | D:4      | HP: 2/53 [poisoned by a scorpion]
  5663 | D:4      | Killed Eustachio
  5961 | Temple   | Entered the Ecumenical Temple
  5976 | Temple   | Became a worshipper of Kikubaaqudgha
  6017 | D:5      | Entered Level 5 of the Dungeon
  6361 | D:5      | Gained mutation: You have an extremely huge brain. (Int +4)
                  | [demonic ancestry]
  6361 | D:5      | Reached XP level 8. HP: 60/60 MP: 1/14
  6469 | D:5      | Noticed Sigmund
  6478 | D:5      | Killed Sigmund
  6791 | D:5      | Reached skill level 7 in Necromancy
  7545 | D:5      | Noticed Pikel
  7817 | D:5      | Killed Pikel
  7818 | D:5      | Reached skill level 5 in Fighting
  7818 | D:5      | Reached skill level 5 in Dodging
  7818 | D:5      | Reached skill level 5 in Spellcasting
  8212 | D:5      | Learned a level 4 spell: Animate Dead
  8218 | D:5      | Learned a level 5 spell: Curse of Agony
  8491 | D:6      | Found Plog's General Store.
  8774 | D:6      | Bought a scroll of blinking for 82 gold pieces
  8774 | D:6      | Bought a scroll of identify for 22 gold pieces
  8790 | D:6      | Noticed Jeremiah
  8793 | D:6      | Reached XP level 9. HP: 62/68 MP: 5/17
  9105 | D:7      | Reached skill level 8 in Necromancy
 10864 | D:7      | Reached * piety under Kikubaaqudgha
 10864 | D:7      | Received a gift from Kikubaaqudgha
 11221 | D:8      | Noticed Maurice
 11275 | D:8      | Something stole a +1 whip of flaming
 11276 | D:8      | Something stole 13 poisoned darts
 11277 | D:8      | Something stole 67 gold
 11415 | D:8      | Killed Maurice
 11567 | D:8      | Noticed an orange demon
 11673 | D:8      | Reached skill level 9 in Necromancy
 11989 | D:8      | Noticed Amaemon
 12147 | D:8      | Noticed Grum
 12159 | D:8      | Reached XP level 10. HP: 67/79 MP: 14/20
 12173 | D:8      | Killed Grum
 13101 | D:9      | Reached ** piety under Kikubaaqudgha
 13111 | D:9      | Reached skill level 10 in Necromancy
 13122 | D:9      | Found a staircase to the Lair.
 13218 | D:9      | Noticed a two-headed ogre
 13225 | D:9      | Killed a two-headed ogre
 13368 | D:9      | Noticed Harold
 13377 | D:9      | Killed Harold
 13378 | D:9      | Gained mutation: You have very sharp fingernails. [demonic
                  | ancestry]
 13378 | D:9      | Reached XP level 11. HP: 87/87 MP: 8/23
 13429 | D:9      | Noticed a green ugly thing
 13520 | D:9      | HP: 4/87 [wyvern zombie (10)]
 13520 | D:9      | Slain by a wyvern zombie

Illustrated notes

Levels and vault maps discovered:
D:1:      dpeg_arrival_signposts, layout_loops_corners
D:2:      layout_loops_ring, nicolae_ecumenical_snake_handling
D:3:      layout_basic, grunt_ministairs_5, chequers_serial_rivers_small_b,
          st_stairs_13
D:4:      old_forge, layout_basic, minmay_temple_entry_statues_pillars,
          biasface_ghost_orc_armoury, serial_shops, shop, uniq_eustachio
D:5:      layout_gridville, uniq_pikel, uniq_sigmund
D:6:      layout_cave_pools, serial_shops, nicolae_shop_tiny_real_fake_doors,
          grunt_decor_cap, uniq_jeremiah, uniq_menkaure
D:7:      layout_basic, worms_lemuel
D:8:      layout_basic, gammafunk_temple_overflow_wave, uniq_maurice, uniq_grum,
          uniq_amaemon
D:9:      regret_index_malice_mire, layout_loops_ring, vehumet_altar_wand_db,
          hellmonk_lair_entry_icy, eino_tiny_chamber,
          kennysheep_generic_room_13, uniq_harold
Temple:   regret_index_temple_mists

Skill      XL: |  1  2  3  4  5  6  7  8  9 10 |
---------------+-------------------------------+-----
Stealth        | 2 |  2.0
Dodging        | 2 3 4 5 6 8 |  8.1
Fighting       | 1 2 3 4 5 7 8 |  8.4
Necromancy     | 5 6 7 9 10 | 10.4
Spellcasting   | 3 4 5 6 8 |  8.1

Action                     |  1- 3 |  4- 6 |  7- 9 | 10-12 || total
---------------------------+-------+-------+-------+-------++-------
  Melee: Trident           |     3 |       |       |       ||     3
         Whip              |    20 |    46 |   137 |    13 ||   216
         Dagger            |       |       |    46 |    78 ||   124
   Cast: Necrotise         |    74 |    61 |    88 |     5 ||   228
         Vampiric Draining |       |    11 |    93 |    41 ||   145
         Animate Dead      |       |       |       |     4 ||     4
         Curse of Agony    |       |       |       |     2 ||     2
  Evoke: Wand              |       |       |     1 |       ||     1
    Use: Scroll            |       |       |     3 |     2 ||     5
         Potion            |       |       |       |     1 ||     1
   Stab: Sleeping          |       |     1 |       |       ||     1
 Armour: Robe              |    29 |    40 |    57 |       ||   126
         Leather armour    |       |       |   176 |   117 ||   293
  Dodge: Dodged            |    31 |    51 |   192 |   142 ||   416
  Block: Buckler           |       |       |    46 |    42 ||    88
